 Dungeon Crawl Stone Soup version 0.30-a0-223-gcb0039aa0c (webtiles) character file.

Game seed: 11496413737757357488

521 billz999 the Sneak (level 7, -2/42 HPs)
             Began as an Octopode Air Elementalist on Oct 9, 2022.
             Was an Initiate of Kikubaaqudgha.
             Slain by an orc wizard
             ... wielding a +0 dagger
              (4 damage)
             ... on level 5 of the Dungeon.
             The game lasted 00:15:03 (5173 turns).

billz999 the Sneak (Octopode Air Elementalist)      Turns: 5173, Time: 00:15:03

Health: -2/42      AC:  1    Str:  8    XL:     7   Next: 21%
Magic:  0/10       EV: 13    Int: 19    God:    Kikubaaqudgha [......]
Gold:   207        SH:  0    Dex: 12    Spells: 1/11 levels left

rFire   . . .      SeeInvis .    j - +4 quarterstaff (chaos)
rCold   . . .      Faith    .    (shield currently unavailable)
rNeg    . . .      Spirit   .    (helmet restricted)
rPois   .          Reflect  .    (no amulet)
rElec   .          Harm     .    g - ring of willpower
rCorr   .          Rampage  .    (no ring)
Will    +....                    (no ring)
Stlth   ++++......               (no ring)
HPRegen 0.27/turn                (no ring)
MPRegen 0.12/turn                (no ring)
                                 (no ring)
                                 (no ring)

@: mighty, flying, hasted, very quick
A: almost no armour, amphibious, 8 rings, camouflage 1, gelatinous body 1,
(nimble swimmer 1), tentacles
a: Renounce Religion


You were on level 5 of the Dungeon.
You worshipped Kikubaaqudgha.
Kikubaaqudgha was noncommittal.
You visited 1 branch of the dungeon, and saw 5 of its levels.

You collected 291 gold pieces.
You spent 84 gold pieces at shops.

Inventory:

Hand Weapons
 h - a +4 dagger
 j - a +4 quarterstaff of chaos (weapon)
Jewellery
 g - a ring of willpower (left tentacle)
Scrolls
 c - 2 scrolls of amnesia
 e - a scroll of teleportation
 f - a scroll of fog
 i - a scroll of enchant armour
 p - a scroll of identify
Potions
 a - a potion of magic
 b - a potion of lignification {unknown}
 d - a potion of flight
 k - a potion of haste
 l - a potion of curing {unknown}
 m - a potion of might
 o - a potion of mutation {unknown}
 q - a potion of degeneration {unknown}


   Skills:
 - Level 0.9 Fighting
 - Level 2.2 Short Blades
 - Level 1.8 Staves
 - Level 2.0 Dodging
 - Level 6.9 Stealth
 - Level 1.2 Unarmed Combat
 - Level 2.5 Spellcasting
 - Level 3.0 Conjurations
 + Level 3.9 Air Magic


You had one spell level left.
You knew the following spells:

 Your Spells              Type           Power      Damage    Failure   Level
a - Shock                 Conj/Air       60%        1d6       3%          1
b - Static Discharge      Conj/Air       30%        2-4/arc   6%          2
c - Swiftness             Air            17%        N/A       10%         3
d - Airstrike             Air            8%         2d(2-18)  32%         4

Your spell library contained the following spells:

 Spells                   Type           Power      Damage    Failure   Level
 Sandblast                Erth           4%         2d4       16%         1
 Passwall                 Tmut/Erth      1%         N/A       24%         2
 Scorch                   Fire           4%         2d5       24%         2
 Stone Arrow              Conj/Erth      16%        3d8       26%         3
 Inner Flame              Hex/Fire       2%         N/A       43%         3
 Flame Wave               Conj/Fire      8%         2d5       65%         4
 Cause Fear               Hex            1%         N/A       85%         4
 Summon Cactus Giant      Summ           1%         N/A       100%        6
 Discord                  Hex            1%         N/A       100%        8


Dungeon Overview and Level Annotations

Branches:
Dungeon (5/15)
 Temple: D:4-7

Altars:
Kikubaaqudgha

Shops:
D:1 ?   D:3 *

Annotations:
D:3 Terence


Innate Abilities, Weirdness & Mutations

You cannot wear most types of armour.
You are amphibious.
You can wear up to eight rings at the same time.
Your skin changes colour to match your surroundings (Stealth+).
Your rubbery body absorbs attacks. (AC +1, EV +1)
((You are camouflaged when in or above water. (Stealth+)))
You have tentacles for arms and can constrict up to eight enemies at once.


Message History

Casting: Shock (safe; 3% risk of failure)
Confirm with . or Enter, or press ? or * to list all spells.
You can't see any susceptible monsters within range! (Use Z to cast anyway.)
Casting: Shock (safe; 3% risk of failure)
Confirm with . or Enter, or press ? or * to list all spells.
Okay, then.
You closely miss something. Something hits you.
Casting: Shock (safe; 3% risk of failure)
Confirm with . or Enter, or press ? or * to list all spells.
You can't see any susceptible monsters within range! (Use Z to cast anyway.)
Casting: Shock (safe; 3% risk of failure)
Confirm with . or Enter, or press ? or * to list all spells.
Aiming: Shock (safe; 3% risk of failure)
Press: ? - help, Shift-Dir - straight line The zap hits something.
Something hits you but does no damage.
Your magical contamination has completely faded away.
Casting: Shock (safe; 3% risk of failure)
Confirm with . or Enter, or press ? or * to list all spells.
Aiming: Shock (safe; 3% risk of failure)
Press: ? - help, Shift-Dir - straight line Something hits you.
Casting: Shock (safe; 3% risk of failure)
Confirm with . or Enter, or press ? or * to list all spells.
Aiming: Shock (safe; 3% risk of failure)
Press: ? - help, Shift-Dir - straight line You hear some strange, mumbled words.
A puff of flame appears from out of thin air!
The puff of flame hits you!
* * * LOW HITPOINT WARNING * * *
It was a potion of flight.
You feel very buoyant.
You fly up into the air.
Something hits you.
* * * LOW HITPOINT WARNING * * *
It was a potion of haste.
You feel yourself speed up. Something hits you.
* * * LOW HITPOINT WARNING * * *
It was a potion of might.
You feel very mighty all of a sudden. Something hits you.
You die...
Kikubaaqudgha rasps: "You have failed me!
Welcome... death!"

#) #) .#
##.## #..
...# # #.o
..#.#
..#..##.#.#
..........#
.#.#.##{###
#@# #.# .
#.#
....####.#
.......<.#
....######
.


There were no monsters in sight!

Vanquished Creatures
  Sigmund (D:3)
  A necrophage (D:4)
  A scorpion (D:4)
  Crazy Yiuf (D:2)
  An orc priest (D:3)
  Robin (D:2)
  2 adders (D:3)
  4 gnolls (D:3)
  An ufetubus (D:5)
  3 dart slugs
  12 orcs
  5 bats
  4 endoplasms
  4 giant cockroaches
  13 goblins
  12 hobgoblins
  9 jackals (D:4)
  6 quokkas
  5 ball pythons
  3 frilled lizards (D:3)
  3 kobolds
  3 rats (D:1)
95 creatures vanquished.

Vanquished Creatures (others)
  An orc wizard (D:3)
1 creature vanquished.

Grand Total: 96 creatures vanquished

Notes
Turn   | Place    | Note
-------+----------+-------------------------------------------
     0 | D:1      | billz999 the Octopode Air Elementalist began the quest for
                  | the Orb.
     0 | D:1      | Reached XP level 1. HP: 11/11 MP: 3/3
    86 | D:1      | Reached skill level 3 in Stealth
   190 | D:1      | Reached XP level 2. HP: 17/17 MP: 0/5
   281 | D:1      | Found a faded altar of an unknown god.
  1120 | D:1      | Found Imaewk's Magic Scroll Boutique.
  1162 | D:1      | Bought a scroll of teleportation for 36 gold pieces
  1162 | D:1      | Bought a scroll of fog for 48 gold pieces
  1223 | D:2      | Reached XP level 3. HP: 21/21 MP: 2/6
  1518 | D:2      | Reached skill level 4 in Stealth
  1678 | D:2      | Noticed Robin
  1728 | D:2      | Killed Robin
  1756 | D:2      | Reached XP level 4. HP: 20/27 MP: 7/7
  2029 | D:2      | Found a runed translucent door.
  2030 | D:2      | Noticed Crazy Yiuf
  2036 | D:2      | Learned a level 2 spell: Static Discharge
  2040 | D:2      | Learned a level 3 spell: Swiftness
  2062 | D:2      | Killed Crazy Yiuf
  2063 | D:2      | Reached skill level 5 in Stealth
  2209 | D:3      | Found Qoibemp's General Store.
  2231 | D:3      | Noticed Sigmund
  2389 | D:3      | Reached skill level 1 in Short Blades
  2389 | D:3      | Reached XP level 5. HP: 31/31 MP: 2/8
  2894 | D:3      | Killed Sigmund
  2895 | D:3      | Reached skill level 1 in Staves
  2895 | D:3      | Reached skill level 6 in Stealth
  2895 | D:3      | Reached skill level 1 in Unarmed Combat
  2895 | D:3      | Reached XP level 6. HP: 35/37 MP: 1/9
  3261 | D:3      | Noticed Terence
  4097 | D:4      | Found an ancient bone altar of Kikubaaqudgha.
  4232 | D:4      | Reached XP level 7. HP: 37/42 MP: 2/10
  4314 | D:4      | Learned a level 4 spell: Airstrike
  4805 | D:4      | Became a worshipper of Kikubaaqudgha
  5131 | D:5      | Entered Level 5 of the Dungeon
  5172 | D:5      | HP: 2/42 [something (5)]
  5173 | D:5      | Slain by an orc wizard

Illustrated notes

Levels and vault maps discovered:
D:1:      giann_wishing_wells, layout_loops_ring, serial_shops,
          nicolae_shop_window_shopping, hellmonk_ecumenical_altar_lost_god
D:2:      layout_basic, uniq_crazy_yiuf_cottage, uniq_robin
D:3:      layout_basic, serial_shops, shop, uniq_sigmund, uniq_terence
D:4:      layout_cave_pools, kiku_gazebo_pond_becter, serial_co_window_serial,
          co_window_paths_a, co_window_paths_b, co_window_of_opportunity_a,
          co_window_paths_a, co_window_paths_a, co_window_2corner,
          co_window_corner_b, co_window_2corner, co_window_of_opportunity_b,
          co_window_corner_b, co_window_broadway_c, co_window_sun,
          co_window_4corner_b, glass_columns_c, glass_columns_c,
          glass_columns_a, glass_columns_b, glass_columns_a
D:5:      cheibrodos_fzero, layout_loops_ring, minmay_temple_entry_fiery,
          cheibrodos_sewer_entry_bend, serial_rivers,
          chequers_serial_rivers_room_b, chequers_serial_rivers_marsh,
          chequers_serial_rivers_micro_c, chequers_serial_rivers_room_b,
          nicolae_take_the_stairs, ebering_dispersal_statue_hall

Skill      XL: |  1  2  3  4  5 |
---------------+----------------+-----
Stealth        | 3 4 5 6 |  6.9
Conjurations   | 2 3 |  3.0
Short Blades   | 1 2 |  2.2
Staves         | 1 |  1.8
Unarmed Combat | 1 |  1.2
Fighting       | |  0.9
Dodging        | |  2.0
Spellcasting   | |  2.5
Air Magic      | |  3.9

Action                   |  1- 3 |  4- 6 |  7- 9 || total
-------------------------+-------+-------+-------++-------
Melee: Unarmed           |     8 |       |       ||     8
       Constrict         |     8 |     8 |     1 ||    17
       Tentacles         |     3 |     3 |     2 ||     8
       Dagger            |    18 |    14 |       ||    32
       Quarterstaff      |       |    18 |     5 ||    23
 Cast: Shock             |    50 |    98 |    27 ||   175
       Swiftness         |       |     2 |       ||     2
  Use: Scroll            |       |       |     3 ||     3
       Potion            |       |       |     3 ||     3
 Stab: Sleeping          |     2 |     3 |       ||     5
Armor: Skin              |     1 |     1 |     4 ||     6
Dodge: Dodged            |     7 |    30 |     9 ||    46

Table legend: (Time is in decaauts)
 A = Elapsed time spent in this place.
 B = Non-inter-level travel time spent in this place.
 C = Inter-level travel time spent in this place.
 D = Time resting spent in this place.
 E = Time spent auto-exploring this place.
 F = Levels seen in this place.
 G = Mean time per level.
                   A        B        C        D        E       F      G
               +--------+--------+--------+--------+--------+-----+--------+
         Total |   5175 |   4850 |    325 |   1198 |   3067 |   5 | 1035.0 |
       Dungeon |   5175 |   4850 |    325 |   1198 |   3067 |   5 | 1035.0 |
               +--------+--------+--------+--------+--------+-----+--------+

Top non-repeatable levels by time:
     D:3: 1531 daAuts
     D:4: 1245 daAuts
     D:1: 1211 daAuts
     D:2: 1145 daAuts
     D:5: 42 daAuts
